 Dungeon Sprint DCSS version 0.21.1-1-g345015f (webtiles) character file.

4339 Fang the Warrior (level 10, -20/157 HPs)
             Began as a Minotaur Berserker on Apr 24, 2018.
             Was a High Priest of Trog.
             Killed from afar by an efreet (23 damage)
             ... with a fireball
             ... in the Dungeon (Sprint V: "Ziggurat Sprint").
             The game lasted 00:05:05 (1078 turns).

Fang the Warrior (Minotaur Berserker)               Turns: 1078, Time: 00:05:05

Health: -20/157    AC: 19    Str: 36    XL:     10   Next: 12%
Magic:  9/9        EV: 12    Int:  4    God:    Trog [*****.]
Gold:   0          SH:  0    Dex: 10    Spells: 9/9 levels left

rFire    . . .     SeeInvis .   m - +5 demon trident
rCold    . . .     Gourm    .   (no shield)
rNeg     . . .     Faith    .   j - +5 shadow dragon scales
rPois    .         Spirit   .   (helmet restricted)
rElec    .         Reflect  .   (no cloak)
rCorr    .         Harm     .   (no gloves)
MR       .....     NoTele   +   (no boots)
Stlth    ..........             (no amulet)
HPRegen  0.36/turn              G - +6 ring of strength
MPRegen  0.11/turn              H - ring of flight

@: berserking, very quick
A: retaliatory headbutt, horns 2
a: Berserk, Trog's Hand, Brothers in Arms, Burn Spellbooks, Renounce Religion,
Evoke Flight


You were in the Dungeon.
You worshipped Trog.
Trog was extremely pleased with you.
You were hungry.

You visited 1 branch

Inventory:

Hand Weapons
 b - a +1 war axe of freezing
 m - a +5 demon trident (weapon)
 B - a +5 halberd of venom
Armour
 j - +5 shadow dragon scales (worn)
 k - a +3 large shield
Jewellery
 G - a +6 ring of strength (left hand)
 H - a ring of flight (right hand)
Wands
 y - a wand of disintegration (7)
 z - a wand of iceblast (7)
Scrolls
 i - 4 scrolls of blinking
 n - 7 scrolls of fog
 o - a scroll of holy word
 p - 5 scrolls of identify
 q - 5 scrolls of remove curse
 r - 2 scrolls of fear
Potions
 d - 10 potions of curing
 e - 10 potions of heal wounds
 f - 10 potions of haste
 g - 7 potions of magic
 h - 3 potions of berserk rage
 s - 2 potions of brilliance
 t - 2 potions of invisibility
 u - 4 potions of resistance
 v - a potion of experience
 w - 5 potions of agility
 x - 6 potions of might
Miscellaneous
 l - a sack of spiders
Comestibles
 a - 8 chunks of flesh
 c - 7 rations


   Skills:
 + Level 15.2 Fighting
 + Level 13.0(15.4) Axes
 + Level 14.0(15.9) Polearms
 + Level 9.4 Armour
 + Level 7.0 Dodging
 + Level 0.7 Stealth
 + Level 8.1 Shields


You had 9 spell levels left.
You didn't know any spells.

Dungeon Overview and Level Annotations

Branches:
Dungeon (1/1)

Altars:
Ashenzari
Cheibriados
Dithmenos
Elyvilon
Fedhas
Gozag
Hepliaklqana
Kikubaaqudgha
Makhleb
Nemelex Xobeh
Okawaru
Qazlal
Ru
Sif Muna
Trog
Uskayaw
Vehumet
Wu Jian
Xom
Yredelemnul
Zin
The Shining One
Beogh
Jiyva
Lugonu

Annotations:
D 1 transporter


Innate Abilities, Weirdness & Mutations

You reflexively headbutt those who attack you in melee.
You have a pair of horns on your head.


Message History

The fireball explodes!
The fireball engulfs you!
* * * LOW HITPOINT WARNING * * *
The fireball engulfs the hell hog.
The hell hog resists.
The fireball engulfs the efreet.
The efreet completely resists.
The efreet gestures at you.
The fireball explodes!
The fireball engulfs you!
* * * LOW HITPOINT WARNING * * *
The fireball engulfs the hell hog.
The hell hog resists.
The fireball engulfs the efreet.
The efreet completely resists.
The hell hog bites you but does no damage.
Unknown command.
You impale the hell hog!!
You kill the hell hog!
Trog accepts your kill.
Your base Polearms skill increases to level 14!
Your Dodging skill increases to level 7!
Your Shields skill increases to level 8!
The efreet gestures at you.
The fireball explodes!
The fireball engulfs you!
You die...

▓...©...▓
▓▓▓▓▓▓▓▓▓
▓v.8©8..▓
▓..")|..▓
▓..||=..▓
▓.......▓
▓.......▓
▓..†)R..▓
▓..@....▓
▓.▓...▓.▓
▓..†©...▓
▓▓▓▓▓▓▓▓▓


You could see an efreet and a fire vortex.

Vanquished Creatures
  A white draconian (D)
  A hell hog (D)
  A cyclops (D)
  3 draconians (D)
  An efreet (D)
  A fire elemental (D)
  3 water moccasins (D)
  2 hell hounds (D)
  A porcupine (D)
  3 orc warriors (D)
  An ogre (D)
  A wolf (D)
  A quasit (D)
  An orc priest (D)
  An iron imp (D)
  An orc wizard (D)
  An adder (D)
  An orc (D)
  A ball python (D)
  A jackal (D)
  A quokka zombie (D)
28 creatures vanquished.

Notes
Turn   | Place    | Note
-------+----------+-------------------------------------------
     0 | D        | Found the +6 Majin-Bo {vamp, Archmagi MP+6 Int+6}
     0 | D        | Found the +7 great mace "Firestarter" {inner flame, rF++}
     0 | D        | Fang the Minotaur Berserker began the quest for the Orb.
     0 | D        | Reached XP level 1. HP: 19/19 MP: 0/0
     3 | D        | Found a blossoming altar of Fedhas.
     5 | D        | Found a viscous altar of Jiyva.
     5 | D        | Found a hazy altar of Hepliaklqana.
     5 | D        | Found a transporter.
     5 | D        | Found an opulent altar of Gozag.
     5 | D        | Found an ancient bone altar of Kikubaaqudgha.
     5 | D        | Found a corrupted altar of Lugonu.
    11 | D        | Found a burning altar of Makhleb.
    14 | D        | Found a sacrificial altar of Ru.
    14 | D        | Found a deep blue altar of Sif Muna.
    14 | D        | Found a stormy altar of Qazlal.
    14 | D        | Found a bloodstained altar of Trog.
    14 | D        | Found an iron altar of Okawaru.
    14 | D        | Found a sparkling altar of Nemelex Xobeh.
    86 | D        | Entered arena 2.
    86 | D        | Noticed a cyclops
    86 | D        | Noticed an ogre
    86 | D        | Found a transporter.
    90 | D        | Killed an ogre
    90 | D        | Reached skill level 7 in Fighting
    90 | D        | Reached skill level 1 in Polearms
    90 | D        | Reached XP level 2. HP: 24/34 MP: 1/1
    90 | D        | Reached XP level 3. HP: 27/39 MP: 2/2
    90 | D        | Reached XP level 4. HP: 33/47 MP: 3/3
    95 | D        | Killed a cyclops
    95 | D        | Reached skill level 11 in Fighting
    95 | D        | Reached skill level 10 in Axes
    95 | D        | Reached skill level 5 in Polearms
    95 | D        | Reached skill level 5 in Armour
    95 | D        | Reached skill level 5 in Dodging
    95 | D        | Reached XP level 5. HP: 13/60 MP: 4/4
    95 | D        | Reached XP level 6. HP: 14/68 MP: 5/5
   101 | D        | Got the cursed ring of Zosal {Str+3 Slay-2}
   368 | D        | Entered arena 3.
   368 | D        | Noticed a porcupine
   368 | D        | Found a transporter.
   371 | D        | Reached ** piety under Trog
   371 | D        | Reached XP level 7. HP: 74/74 MP: 6/6
   430 | D        | Entered arena 4.
   430 | D        | Found a transporter.
   437 | D        | Reached *** piety under Trog
   437 | D        | Reached skill level 12 in Fighting
   437 | D        | Reached skill level 1 in Shields
   496 | D        | Entered arena 5.
   496 | D        | Noticed a draconian
   496 | D        | Noticed a draconian
   496 | D        | Noticed a white draconian
   496 | D        | Noticed a draconian
   496 | D        | Found a transporter.
   503 | D        | Killed a draconian
   503 | D        | Received a gift from Trog
   503 | D        | Reached XP level 8. HP: 85/85 MP: 7/7
   508 | D        | Killed a white draconian
   508 | D        | Reached **** piety under Trog
   508 | D        | Reached skill level 13 in Fighting
   508 | D        | Reached skill level 10 in Polearms
   508 | D        | Reached skill level 5 in Shields
   508 | D        | Reached XP level 9. HP: 47/94 MP: 8/8
   512 | D        | Killed a draconian
   512 | D        | Reached skill level 14 in Fighting
   517 | D        | Killed a draconian
   764 | D        | Entered arena 6.
   764 | D        | Found a transporter.
   775 | D        | Reached ***** piety under Trog
   791 | D        | Got the ring "Ulowicwim" {rC++ Int-2 Dex+3}
   842 | D        | Entered arena 7.
   843 | D        | Found a transporter.
   851 | D        | Received a gift from Trog
   887 | D        | Received a gift from Trog
  1063 | D        | Entered arena 8.
  1063 | D        | Noticed an efreet
  1063 | D        | Noticed a hell hog
  1063 | D        | Noticed an efreet
  1066 | D        | Found a transporter.
  1071 | D        | Killed an efreet
  1076 | D        | Reached skill level 15 in Fighting
  1076 | D        | Reached XP level 10. HP: 38/105 MP: 9/9
  1076 | D        | HP: 6/157 [hell hog/fireball (32)]
  1078 | D        | Killed a hell hog
  1078 | D        | Killed from afar by an efreet

Skill      XL: |  1  2  3  4  5  6  7  8  9 10 |
---------------+-------------------------------+-----
Fighting       | 7 11 12 13 15 | 15.2
Axes           | 7 10 11 12 13 | 13.0
Polearms       | 1 5 6 8 10 13 14 | 14.0
Armour         | 3 5 6 7 9 |  9.4
Dodging        | 3 5 6 7 |  7.0
Shields        | 3 5 7 8 |  8.1
Stealth        | |  0.7

Action                   |  1- 3 |  4- 6 |  7- 9 | 10-12 || total
-------------------------+-------+-------+-------+-------++-------
Melee: Demon trident     |     3 |     6 |    69 |     1 ||    79
       Headbutt          |     1 |     1 |    13 |     1 ||    16
Invok: Berserk           |     1 |     1 |     2 |       ||     4
       Burn Spellbooks   |       |       |     1 |       ||     1
  Eat: Chunk             |       |       |     3 |       ||     3
Armor: Shadow dragon sca |       |       |    29 |     1 ||    30
Dodge: Dodged            |       |     2 |    14 |       ||    16
Block: Large shield      |     1 |     4 |    50 |       ||    55
